 Dungeon Crawl Stone Soup version 0.31-a0-1237-gabc64e778c (webtiles) character file.

Game seed: 5570326348078068780

1873087 MackTheKnife the Phalangite (level 25, 231/231 HPs)
             Began as an Armataur Artificer on Dec 15, 2023.
             Was an Initiate of Gozag.
             Escaped with the Orb
             ... and 3 runes!
             The game lasted 01:27:55 (53766 turns).

MackTheKnife the Phalangite (Armataur Artificer)   Turns: 53766, Time: 01:27:55

Health: 231/231    AC: 42    Str: 28    XL:     25   Next: 52%
Magic:  26/26      EV: 16    Int:  9    God:    Gozag
Gold:   488        SH:  5    Dex: 22    Spells: 26/32 levels left

rFire   + + +        G - +5 bardiche of Defenestration {elec, +Blink Dex+3 SInv, @e2polearm}
rCold   + . .        (shield currently unavailable)
rNeg    . . .        S - +9 acid dragon scales of Whack-A-Mole {Rampage Fly rCorr}
rPois   +            s - +2 hood of the Assassin {Detect Stab+ Stlth++}
rElec   +            z - +2 cloak
rCorr   +            q - +2 pair of gloves {Stlth+}
SInv    +            N - +3 barding "Wasiske" {^Drain rPois Will+}
Will    ++...        E - amulet "Talieg" {Reflect Fly rElec rF+ SH+5}
Stlth   ++++         o - ring "Mudukas" {rF+ Int-4 Slay+4 SInv}
HPRegen 1.38/turn    X - ring "Nelits" {*Slow rF+ rC+ Str+6}
MPRegen 0.20/turn

%: slow self (1%), reflection, roll
@: flying, studying Ranged Weapons
A: large, deformed body, tough skin 3, armoured tail, roll 2, long tongue,
iridescent scales 1, thin skeletal structure 1, deterioration 1, low MP 1,
regeneration 1, robust 1
0: Orb of Zot
}: 3/15 runes: decaying, silver, gossamer
a: Renounce Religion, Evoke Blink, Potion Petition, Call Merchant, Bribe Branch


You escaped.
You worshipped Gozag.
Gozag was aware of your devotion.
You visited 9 branches of the dungeon, and saw 47 of its levels.
You visited 1 bazaar.
You also visited: Sewer, Ossuary and Ice Cave.

You collected 25543 gold pieces.
You spent 8900 gold pieces at shops.
You paid 16155 gold pieces to Gozag.


Innate Abilities, Weirdness & Mutations

Armour fits poorly on your strangely shaped body.
You have extremely tough skin. (AC +3)
You have a long armoured tail.
You roll and regenerate health when moving toward enemies. (Rampage Heal)
Your long tongue fully drains potion bottles. (2x potion effects)
You are partially covered in iridescent scales. (AC +2)
You have a somewhat thin skeletal structure. (Dex +2, Stealth+)
Your body sometimes deteriorates upon taking damage.
Your magical capacity is low. (-10% MP)
Your natural rate of healing is unusually fast.
You are robust. (+10% HP)


   Skills:
 - Level 20.0 Fighting
 - Level 24.0 Polearms
 - Level 20.0 Armour
 - Level 12.0 Dodging
 + Level 17.9 Stealth
 - Level 4.0 Spellcasting
 - Level 10.0 Translocations
 - Level 6.0 Transmutations
 - Level 10.0 Evocations


You had 26 spell levels left.
You knew the following spells:

 Your Spells              Type           Power      Damage    Failure   Level
a - Manifold Assault      Tloc           19%        N/A       4%          4
b - Wereblood             Tmut           12%        N/A       3%          2

Your spell library contained the following spells:

 Spells                   Type           Power      Damage    Failure   Level
 Apportation              Tloc           38%        N/A       1%          1
 Blink                    Tloc           38%        N/A       1%          2
 Lesser Beckoning         Tloc           38%        N/A       1%          2
 Gell's Gravitas          Tloc           19%        N/A       1%          3
 Teleport Other           Tloc           19%        N/A       1%          3
 Passage of Golubria      Tloc           19%        N/A       4%          4
 Momentum Strike          Conj/Tloc      20%        3d8       6%          2
 Sting                    Tmut/Pois      28%        1d4       9%          1
 Passwall                 Tmut/Erth      5%         N/A       13%         2
 Foxfire                  Conj/Fire      4%         2x1d4     30%         1
 Magic Dart               Conj           4%         1d3       30%         1
 Necrotise                Necr           4%         1d4       30%         1
 Slow                     Hex            4%         N/A       30%         1
 Summon Small Mammal      Summ           4%         N/A       30%         1
 Ignite Poison            Fire/Tmut/Pois 5%         N/A       36%         3
 Vhi's Electric Charge    Tloc/Air       20%        N/A       36%         4
 Call Imp                 Summ           2%         N/A       41%         2
 Cigotuvi's Dreadful Rot  Necr/Pois/Air  2%         N/A       41%         2
 Ensorcelled Hibernation  Hex/Ice        2%         N/A       41%         2
 Jinxbite                 Hex            2%         N/A       41%         2
 Poisonous Vapours        Pois/Air       2%         N/A       41%         2
 Scorch                   Fire           2%         2d5       41%         2
 Searing Ray              Conj           2%         2d4       41%         2
 Dispersal                Tloc           9%         N/A       58%         6
 Confusing Touch          Hex            1%         N/A       65%         3
 Frozen Ramparts          Ice            2%         1d1       65%         3
 Mephitic Cloud           Conj/Pois/Air  1%         N/A       65%         3
 Ozocubu's Armour         Ice            1%         N/A       65%         3
 Sigil of Binding         Hex            1%         N/A       65%         3
 Stone Arrow              Conj/Erth      2%         3d7       65%         3
 Swiftness                Air            1%         N/A       65%         3
 Tukima's Dance           Hex            1%         N/A       65%         3
 Vampiric Draining        Necr           1%         2d6       65%         3
 Petrify                  Tmut/Erth      7%         N/A       65%         4
 Irradiate                Conj/Tmut      3%         3d12      94%         5
 Yara's Violent Unravell  Hex/Tmut       3%         3d4       94%         5
 Anguish                  Hex/Necr       0%         N/A       96%         4
 Animate Armour           Summ/Erth      2%         N/A       96%         4
 Cause Fear               Hex            0%         N/A       96%         4
 Flame Wave               Conj/Fire      1%         2d4       96%         4
 Fulminant Prism          Conj/Hex       0%         3d5       96%         4
 Olgreb's Toxic Radiance  Pois           1%         N/A       96%         4
 Arcjolt                  Conj/Air       0%         1d10      100%        5
 Borgnjor's Vile Clutch   Necr/Erth      0%         N/A       100%        5
 Fireball                 Conj/Fire      0%         3d3       100%        5
 Freezing Cloud           Conj/Ice/Air   0%         6-21      100%        5
 Metabolic Englaciation   Hex/Ice        0%         N/A       100%        5
 Death Channel            Necr           0%         N/A       100%        6
 Plasma Beam              Fire/Air       0%         2x1d10    100%        6
 Starburst                Conj/Fire      0%         6d3       100%        6
 Summon Cactus Giant      Summ           0%         N/A       100%        6
 Haunt                    Necr/Summ      0%         N/A       100%        7
 Ozocubu's Refrigeration  Ice            0%         4d7       100%        7
 Spellforged Servitor     Conj/Summ      0%         N/A       100%        7
 Infestation              Necr           0%         N/A       100%        8
 Lehudib's Crystal Spear  Conj/Erth      0%         10d2      100%        8
 Maxwell's Capacitive Co  Air            0%         ∞         100%        8
 Dragon's Call            Summ           0%         N/A       100%        9
 Polar Vortex             Ice            0%         N/A       100%        9
 Animate Dead             Necr           Unusable   N/A       N/A         4
 Simulacrum               Ice/Necr       Unusable   N/A       N/A         6

Inventory:

Hand Weapons
 a - a +8 bardiche of freezing {polearm}
   (You took it off an orc knight on level 2 of the Orcish Mines)
 G - the +5 bardiche of Defenestration (weapon) {elec, +Blink Dex+3 SInv, @e2polearm}
   (You bought it in a shop on level 2 of the Depths)

   Dex+3:     It affects your dexterity (+3).
   SInv:      It lets you see invisible.
   +Blink:    It lets you blink.
Armour
 q - a +2 pair of gloves of stealth (worn)
   (You found it on level 4 of the Vaults)
 s - the +2 hood of the Assassin (worn) {Detect Stab+ Stlth++}
   (You found it on level 3 of the Elven Halls)

   Detect:    It allows the wearer to sense nearby creatures.
   Stab+:     It allows the wearer to make particularly effective stabbing
   attacks against helpless or unaware enemies with any weapon.
   Stlth++:   It makes you much more stealthy.
 t - the +0 leather armour of Sorcery {rPois rN+++ rCorr Dex-4}
   (You took it off an ironbound convoker on level 5 of the Vaults)

   Dex-4:     It affects your dexterity (-4).
   rPois:     It protects you from poison rN+++: It renders you almost immune to
   negative energy.
   rCorr:     It protects you from acid and corrosion.
 z - a +2 cloak (worn)
   (You found it on level 5 of the Dungeon)
 N - the +3 barding "Wasiske" (worn) {^Drain rPois Will+}
   (You acquired it on level 3 of the Swamp)

   rPois:     It protects you from poison Will+: It increases your willpower.
   ^Drain:    It drains your maximum health when unequipped.
 S - the +9 acid dragon scales of Whack-A-Mole (worn) {Rampage Fly rCorr}
   (You bought it in a shop on level 8 of the Dungeon)

   Fly:       It grants you flight.
   rCorr:     It protects you from acid and corrosion.
   Rampage:   It bestows one free step when moving towards enemies.
 T - the +1 helmet "Nalagg" {rElec rF- rCorr Int+4}
   (You bought it in a shop on level 8 of the Dungeon)

   Int+4:     It affects your intelligence (+4).
   rF-:       It makes you vulnerable to fire.
   rElec:     It insulates you from electricity.
   rCorr:     It protects you from acid and corrosion.
Jewellery
 c - an amulet of Mafatu {RegenMP Will++}
   (You took it off a deep elf blademaster on level 3 of the Elven Halls)

   [amulet of magic regeneration]

   RegenMP:   It increases your rate of magic regeneration.
   Will++:    It greatly increases your willpower.
 l - the amulet "Fomeosum" {Faith +Blink rF+ Slay+6}
   (You bought it in a shop on level 8 of the Dungeon)

   [amulet of faith]

   Faith:     It allows you to gain divine favour quickly.
   Slay+6:    It affects your accuracy & damage with ranged weapons and melee
   (+6).
   rF+:       It protects you from fire.
   +Blink:    It lets you blink.
 o - the ring "Mudukas" (left hand) {rF+ Int-4 Slay+4 SInv}
   (You found it on level 2 of the Dungeon)

   [ring of slaying]

   Int-4:     It affects your intelligence (-4).
   Slay+4:    It affects your accuracy & damage with ranged weapons and melee
   (+4).
   rF+:       It protects you from fire.
   SInv:      It lets you see invisible.
 E - the amulet "Talieg" (around neck) {Reflect Fly rElec rF+ SH+5}
   (You bought it in a shop on level 1 of the Orcish Mines)

   [amulet of reflection]

   Reflect:   It reflects blocked missile attacks.
   rF+:       It protects you from fire.
   rElec:     It insulates you from electricity.
   Fly:       It grants you flight.
   SH+5:      It affects your SH (+5).
 J - a ring of flight
   (You took it off a frost giant on level 3 of the Depths)
 L - a +6 ring of dexterity
   (You found it on level 5 of the Vaults)
 R - the ring of Alafeecs {rElec rC- rCorr Str-2 Dex+8}
   (You took it off a vault guard on level 5 of the Vaults)

   [ring of resist corrosion]

   Str-2:     It affects your strength (-2).
   Dex+8:     It affects your dexterity (+8).
   rC-:       It makes you vulnerable to cold.
   rElec:     It insulates you from electricity.
   rCorr:     It protects you from acid and corrosion.
 W - the ring of the Burning Sultana {rPois Str+6 Int+5}
   (You bought it in a shop on level 8 of the Dungeon)

   [ring of strength]

   Str+6:     It affects your strength (+6).
   Int+5:     It affects your intelligence (+5).
   rPois:     It protects you from poison
 X - the ring "Nelits" (right hand) {*Slow rF+ rC+ Str+6}
   (You bought it in a shop in a bazaar)

   [ring of protection from cold]

   Str+6:     It affects your strength (+6).
   rF+:       It protects you from fire.
   rC+:       It protects you from cold.
   *Slow:     It may slow you when you take damage.
Wands
 d - a wand of light (14)
   (You found it on level 3 of the Elven Halls)
 e - a wand of iceblast (14)
   (You found it on level 3 of the Elven Halls)
Scrolls
 b - 3 scrolls of silence {!r}
 g - 4 scrolls of blinking {!r}
 j - 23 scrolls of teleportation {@r4}
 p - 6 scrolls of fear
 F - 10 scrolls of poison {!r}
 H - a scroll of fog
 M - a scroll of brand weapon
 P - 4 scrolls of immolation {!r!r}
 V - 7 scrolls of enchant armour
 Z - 5 scrolls of vulnerability {!r!r}
Potions
 h - 2 potions of berserk rage {!q}
 i - 2 potions of resistance
 k - 3 potions of cancellation
 m - 8 potions of heal wounds {@q2}
 r - 14 potions of curing {@q1}
 v - 6 potions of mutation {!q}
 w - 3 potions of might
 y - 7 potions of magic
 B - 7 potions of ambrosia
 C - 3 potions of brilliance
 I - 10 potions of enlightenment
 Y - a potion of haste {@q3}
Miscellaneous
 f - a sack of spiders
   (You bought it in a shop on level 8 of the Dungeon)
 x - a lightning rod (4/4)
   (You found it on level 13 of the Dungeon)
 K - a phantom mirror
   (You found it on level 5 of the Vaults)
 O - a tin of tremorstones (2/2) {throwing}
   (You found it on level 5 of the Vaults)
 Q - a phial of floods
   (You found it on level 5 of the Vaults)

Dungeon Overview and Level Annotations

Branches:
Dungeon (15/15)            Temple (0/1) D:7            Lair (5/5) D:8
  Swamp (4/4) Lair:3       Spider (4/4) Lair:3        Slime (0/5) Lair:5
    Orc (2/2) D:12            Elf (3/3) Orc:2        Vaults (5/5) D:13
  Crypt (0/3) Vaults:2     Depths (4/4) D:15            Zot (5/5) Depths:4
  Sewer (visited)         Ossuary (visited)           IceCv (visited)

Altars:
Ashenzari
Cheibriados
Dithmenos
Elyvilon
Fedhas
Gozag
Kikubaaqudgha
Makhleb
Nemelex Xobeh
Ru
Wu Jian
Xom
The Shining One
Lugonu

Shops:
D:1 [   D:2 [   D:5 :   D:7 :   D:8 [[==?[**   D:14 ?   Orc:1 =   Orc:2 :*!**[(
Elf:2 =   Elf:3 !   Vaults:1 !   Vaults:3 *   Vaults:5 ?!   Depths:2 *

Portals:
Hell: Depths:1 Depths:2 Depths:3 Depths:4
Abyss: Depths:3 Depths:4
Pandemonium: Depths:2
Ziggurat: Depths:4

Annotations:
D:4 3 runed translucent doors, DEFE's ghost, amateur DsWn
D:8 1 runed translucent door, AceOff's ghost, novice OpSh
D:10 1 transporter, baljet's ghost, journeyman TrFi
Lair:5 1 runed translucent door, PanSaczeczos's ghost, journeyman GrSh
Zot:3 Tiamat
Zot:5 exclusion: upstairs

.# #.#.#........### .#
#...#....###...#
.##########.......##.#
.##.........#...#..#.#
........##..#..#.#...#####
..............#.[.#......##
.........#####.....#####..#
######+#..#...........#...#
...........#....@....#....#
...........#.........#....#
.#........#..2........#...#
.........#####.....#####..#
.#.##.........#...#.......#
.#.##..........#.#..###...#
.#.#....#.##.#..#..#.>..###
.#.#.####.##.........##.#
.#...# #.####.....##...#


You could see a lorocyproca (invisible).


Message History

Unknown command.
What level of the Dungeon? (default 1, ? - help)
A cacodemon and 3 orange demons come into view.
You hit the cacodemon. You tail-slap the cacodemon.
You carve the cacodemon like a ham!!!
You tail-slap the cacodemon, but do no damage.
You slice the cacodemon!! The cacodemon hits you!
The cacodemon barely misses you. The orange demon closely misses you.
You block the orange demon's attack.
The orange demon stings you but does no damage. 😕 HP[-12]
You take 12 damage, and now have 219/231 hp.
You cut the cacodemon into ribbons!!!
You kill the cacodemon!
You block the orange demon's attack.
The orange demon stings you but does no damage.
The orange demon completely misses you.
The orange demon stings you from afar. 😕 HP[-3]
You take 3 damage, and now have 216/231 hp.
The orange demon stings you but does no damage.
The orange demon stings you!
The orange demon hits you but does no damage.
The orange demon closely misses you.
You see here 15 gold pieces. 😕 HP[-8]
You take 8 damage, and now have 208/231 hp.
You barely miss the orange demon. 😕 HP[+1]
You slash the orange demon! You tail-slap the orange demon!
The orange demon misses you. The orange demon closely misses you. x2
The orange demon stings you but does no damage. 😕 HP[+1]
You cut the orange demon into ribbons!!!!
You kill the orange demon!
The orange demon barely misses you.
The orange demon completely misses you. 😕 HP[+1]
You reach to attack!
You slice the orange demon!! 😕 HP[+1]
You reach to attack!
You carve the orange demon like a ham!!!
Lightning courses through the orange demon!
You kill the orange demon!
The orange demon completely misses you.
You reach to attack!
You cut the orange demon into ribbons!!!
The orange demon misses you. 😕 HP[+2]
You regained 2 hp, and now have 214/231 hp.
You reach to attack!
You slice the orange demon!!
You kill the orange demon! 😕 HP[+1] No target in view!
No target in view!
No target in view!
No target in view!
No target in view!
No target in view!
No target in view!
No target in view!
No target in view!
No target in view!
What level of the Dungeon? (default 1, ? - help)
There is a stone staircase leading up here.
You fly upwards.
There is a stone staircase leading down here.
There is a stone staircase leading up here.
You fly upwards.
There is a stone staircase leading down here.
You sense a monster nearby. 😎 HP[+16]
Your hp is fully restored (231).
What level of the Dungeon? (default 1, ? - help)
There is a stone staircase leading up here.
You fly upwards.
Level annotation: 3 runed translucent doors, DEFE's ghost, amateur DsWn
There is a stone staircase leading down here.
There is an escape hatch in the ceiling here.
There is a stone staircase leading up here.
You fly upwards.
There is a stone staircase leading down here.
There is a stone staircase leading up here.
You fly upwards.
There is a stone staircase leading down here.
You reach down and open the door.
There is an open door here.
A demonspawn corrupter and a cacodemon come into view.
Some rock shatters into small pieces.
The cacodemon gestures at you.
The bolt of energy hits you but does no damage.
There is a stone staircase leading up here.
The cacodemon gestures at the rock wall.
Some rock shatters into small pieces.
The demonspawn corrupter calls forth creatures from the Vaults!
You fly upwards.
There is a stone staircase leading down here.
What level of the Dungeon? (default 1, ? - help) You're already here!
A lorocyproca comes into view.
There is a staircase leading out of the dungeon here.
You have escaped!

Skill      XL: |  1  2  3  4  5  6  7  8  9 10 11 12 13 14 15 16 17 18 19 20 21 22 23 24 25 |
---------------+----------------------------------------------------------------------------+-----
Fighting       | 1 3 5 11 12 15 16 17 19 20 | 20.0
Polearms       | 1 3 5 8 11 15 16 17 19 21 24 | 24.0
Armour         | 6 11 12 14 20 | 20.0
Dodging        | 4 7 10 11 12 | 12.0
Evocations     | 7 10 | 10.0
Stealth        | 8 10 13 17 | 17.9
Translocations | 9 10 | 10.0
Spellcasting   | 4 |  4.0
Transmutations | 5 6 |  6.0

Action                     |  1- 3 |  4- 6 |  7- 9 | 10-12 | 13-15 | 16-18 | 19-21 | 22-24 | 25-27 || total
---------------------------+-------+-------+-------+-------+-------+-------+-------+-------+-------++-------
  Melee: Club              |    52 |       |       |       |       |       |       |       |       ||    52
         Staff             |    35 |     3 |       |       |       |       |       |       |       ||    38
         Tailslap          |     6 |     8 |    21 |    65 |   193 |   112 |   302 |   226 |    41 ||   974
         Unarmed           |     2 |       |       |       |       |       |       |       |       ||     2
         Halberd           |       |    64 |   219 |   442 |  1175 |   492 |  1787 |   120 |       ||  4299
         Bardiche          |       |       |       |       |       |       |       |  1573 |   215 ||  1788
  Throw: Dart              |       |     2 |       |     1 |       |       |       |       |       ||     3
   Cast: Manifold Assault  |       |       |       |       |       |       |    68 |   269 |    12 ||   349
         Wereblood         |       |       |       |       |       |       |     1 |    13 |     2 ||    16
 Invoke: Call Merchant     |       |       |       |     1 |     3 |       |     4 |       |       ||     8
         Potion Petition   |       |       |       |       |       |       |       |       |     2 ||     2
         Bribe Branch      |       |       |       |       |       |       |       |       |     2 ||     2
  Evoke: Wand              |     3 |     5 |     8 |    21 |    20 |     1 |     5 |       |       ||    63
         Lightning rod     |       |       |       |       |       |     4 |     1 |    13 |       ||    18
         Sack of spiders   |       |       |       |       |       |       |       |     2 |       ||     2
    Use: Scroll            |     3 |     3 |     9 |    12 |     7 |     3 |     6 |    24 |     9 ||    76
         Potion            |       |     1 |       |     6 |     3 |     4 |     6 |    10 |    11 ||    41
   Stab: Sleeping          |     1 |     1 |     3 |     7 |    16 |     7 |    69 |    27 |       ||   131
         Distracted        |       |       |     3 |     6 |    15 |     6 |    23 |    22 |     1 ||    76
         Paralysed         |       |       |     5 |     7 |     4 |       |     1 |       |       ||    17
         Petrified         |       |       |       |       |     2 |       |       |     1 |       ||     3
         Invisible         |       |       |       |       |       |     1 |     1 |    13 |       ||    15
         Confused          |       |       |       |       |       |       |       |     1 |       ||     1
 Armour: Leather armour    |    55 |    39 |   142 |   342 |   459 |       |       |       |       ||  1037
         Skin              |     1 |       |       |       |       |       |    40 |       |       ||    41
         Acid dragon scale |       |       |       |       |   278 |   464 |  1151 |  1144 |   182 ||  3219
  Dodge: Dodged            |    38 |    18 |    65 |   152 |   454 |   284 |   654 |   577 |    90 ||  2332
  Block: Other             |       |       |       |       |       |       |       |   118 |    32 ||   150
         Reflection        |       |       |       |       |       |       |       |     5 |       ||     5

Levels and vault maps discovered:
D:1:      scummos_arrival_star, layout_basic, serial_shops,
          nicolae_shop_tiny_waterfront, hellmonk_ecumenical_altar_watching_god
D:2:      layout_basic, serial_shops, shop, uniq_terence
D:3:      layout_basic, fedhas_altar_3, xom_teletrap_fun,
          chequers_temple_overflow_statue_of_worship, uniq_ijyb
D:4:      layout_basic, grunt_gozag_statues, ebering_ghost_rock_garden,
          enter_ossuary_5, minmay_crossroads, uniq_sigmund
D:5:      layout_loops_ring, nicolae_ru_the_path_less_chosen,
          mainiacjoe_overflow_surrounded_room, serial_shops, shop,
          kennysheep_generic_room_6
D:6:      kb_forest_paths, layout_basic, overflow_temple_1_default,
          cheibrodos_sewer_entry_sluice, chequers_decorated_corner
D:7:      layout_rooms, minmay_temple_entry_stoned_glass, serial_shops,
          nicolae_shop_window_shopping, minmay_crystal_water
D:8:      minmay_evil_eye, layout_basic, mainiacjoe_overflow_small_starburst,
          dpeg_oklobed_lair, ebering_ghost_xom, minmay_misc_feat_more_columns,
          uniq_maurice, uniq_jeremiah
D:9:      cheibrodos_wizards_tower, layout_rooms, kennysheep_little_box,
          st_stairs_10, uniq_joseph
D:10:     layout_irregular_city, nicolae_elyvilon_peaceful_grove,
          mainiacjoe_overflow_concentric_impassable, gammafunk_ghost_smash,
          uniq_erica
D:11:     layout_irregular_city, kb_lookout_dungeons_type
D:12:     layout_gridville, erik_orc_1, grunt_decor_resistance
D:13:     layout_cave_pools, david_vaults_1, grunt_ministairs_4, minivault_11,
          minmay_fractal_squares_diagonal_5
D:14:     layout_roguey, serial_shops, shop, nicolae_elevator_lobby_plus,
          nrook_loot_triangle
D:15:     hangedman_depths_entry_try_elsewhere_first, layout_basic,
          nicolae_kite_square_tiling_tiny
Lair:1:   layout_gridlike
Lair:2:   layout_roguey, nicolae_lair_grove_arrangements,
          dreamdust_mushroom_princess
Lair:3:   layout_chaotic_city, nicolae_swamp_entry_splash_gauntlet,
          spider_nest_entry_funnel_web, serial_bayou_shore_b,
          serial_bayou_shore_b
Lair:4:   layout_cave_pods, gammafunk_ghost_icy, infiniplex_staircase_pool_2,
          serial_bayou_shore_b, uniq_josephine
Lair:5:   hangedman_lair_in_review, layout_cave_pods,
          hangedman_lair_caniforms_friends, slime_entry_1,
          ebering_ghost_reflecting_pool
Swamp:1:  layout_basic_swamp, portal_ice_cave_entry_ice_simulacra,
          nicolae_swamp_dense_foliage, nicolae_swamp_feature_on_the_river_bank
Swamp:2:  layout_falls_marsh, evilmike_swamp_ruin_rubble_2
Swamp:3:  layout_basic_swamp, evilmike_swamp_ruin_rubble_1, swamp_pool_1_2,
          nicolae_swamp_oklob_treasure_island
Swamp:4:  swamp_alternative, layout_basic_swamp
Spider:1: layout_spider_delve, uniq_nikola
Spider:2: layout_spider_delve, hangedman_spider_tarantella_strand
Spider:3: layout_spider_delve, nicolae_spider_cling_halls, uniq_azrael
Spider:4: hellmonk_spider_rune_endless_swarm, uniq_donald
Orc:1:    layout_diamond_mine, serial_shops, shop, uniq_gastronok, uniq_fannar
Orc:2:    grunt_orc_community_town_hall, layout_diamond_mine,
          grunt_orc_community_big_house_1, grunt_orc_community_big_house_2,
          grunt_orc_community_house_3, grunt_orc_community_house_2,
          grunt_orc_community_house_1, grunt_orc_community_house_1,
          serial_shops, nicolae_shop_hallway_plus, nicolae_specific_store,
          mines2_david, uniq_sonja
Elf:1:    eino_elf_arrival_the_gate, layout_geoelf_diagonals,
          nicolae_elf_blasts_and_bolts, nicolae_elf_big_sculpture_1
Elf:2:    nicolae_elf_blades_crystal_corner, layout_geoelf_octagon,
          serial_shops, nicolae_lakefront_shop
Elf:3:    minmay_elf_hall_not_hex, layout_geoelf_diagonals, serial_shops,
          nicolae_shop_tiny_waterfront, serial_corexii_hall,
          corexii_hall_statues_i, corexii_hall_statues_t,
          corexii_hall_statues_deadend, corexii_hall_statues_x, uniq_saint_roka
Vaults:1: v_misc_2, nicolae_vaults_storage_room_glass, vaults_room_door_hall,
          vaults_dpeg_emergency_exit, nicolae_vaults_house_3, vaults_dpeg_hooks,
          grunt_vaults_bifocal, v_pattern_1, nicolae_vaults_cochlea,
          layout_vaults_omnigrid, serial_shops, shop, uniq_norris
Vaults:2: minmay_crypt_entry_vampire_xt, dpeg_vaults_monster_row,
          nicolae_vaults_ellipses_ellipsis, nicolae_vaults_cochlea,
          vaults_mumra_hex, nicolae_vaults_trapezoid_2, vaults_room_semicircle,
          nicolae_vaults_mini_display_case, v_misc_22,
          nicolae_vaults_sightless_eye, st_octagons_1, v_alt_pattern_1,
          layout_vaults_omnibox, serial_shops, bzr_entry_road
Vaults:3: v_misc_10, lightli_church_of_beogh, hangedman_vaults_snaps,
          nicolae_vaults_closet_pinwheel_2, v_misc_8,
          nicolae_vaults_little_squares_3, v_misc_14, v_misc_9,
          nicolae_vaults_network_quinsquares
          [nicolae_vaults_network_quincunx_subvault,
          nicolae_vaults_network_quincunx_subvault,
          nicolae_vaults_network_quincunx_subvault,
          nicolae_vaults_network_quincunx_subvault], grunt_vaults_hallway_short,
          nicolae_vaults_three_branches, vaults_dpeg_cross,
          nicolae_vaults_two_Ls, layout_vaults_maze, serial_shops,
          nicolae_shop_just_a_little_nook, serial_glass
Vaults:4: nicolae_vaults_network_barrier, st_star,
          nicolae_vaults_doubleplus_tesselated,
          vaults_mumra_minichess_inversion, nicolae_vaults_house_2,
          nicolae_vaults_network_periphery, ontoclasm_vaults_idyll,
          layout_vaults_big_cross
Vaults:5
Depths:1: layout_cave_shapes, grunt_mini_vestibule, serial_co_window_serial,
          co_window_paths_a, co_window_paths_a, co_window_paths_a,
          co_window_of_opportunity_a, co_window_paths_b, co_window_cross_4,
          co_window_broadway_b, co_window_broadway_a,
          co_window_of_opportunity_b, co_window_of_opportunity_b,
          co_window_4corner_b, glass_columns_a, glass_columns_a,
          glass_columns_c, glass_columns_c, glass_columns_a, nrook_campfire,
          uniq_enchantress
Depths:2: nzn_winding_woodlands_three_and_one [nzn_winding_woodlands_5x15_pool,
          nzn_winding_woodlands_5x15_sawtooth, nzn_winding_woodlands_5x15_cabin,
          nzn_winding_woodlands_center_garden], layout_basic,
          rand_demon_pan_entry_9, pf_hell_entry_tar_spiral, serial_shops, shop
Depths:3: minmay_the_grid_four_pointed_star_mashed
          [minmay_the_grid_triangle_9x9_stretched_checkered,
          minmay_the_grid_triangle_9x9_steps,
          minmay_the_grid_triangle_9x9_corruption,
          minmay_the_grid_triangle_9x9_pentomino_pain,
          minmay_the_grid_prize_four_corners_diamond_b], layout_twisted_cross,
          hell_entry, kennysheep_doodads, abyss_entry_flame_altar,
          minmay_staircase_bubble, serial_bayou_shore_b, uniq_sojobo, uniq_mara,
          uniq_vv, uniq_jory
Depths:4: grunt_zot_entry_gee_three, layout_gridlike, enter_ziggurat_a,
          minmay_room_of_horrors, serial_sigils_hangedman_confine,
          grunt_hell_entry_dis_grunt
Zot:1:    layout_cathedral_of_symmetry, regret_index_zotdec_plus,
          gammafunk_ghost_mausoleum, hangedman_zot_decor_scrapings
Zot:2:    kennysheep_ambush_hall, layout_cathedral_of_symmetry,
          regret_index_zotdec_serpentine_scales
Zot:3:    layout_cellular_growth, regret_index_zotdec_ex, uniq_tiamat
Zot:4:    layout_basic, skrybe_zot_glass_3
Zot:5:    layout_gridlike

Notes
Turn   | Place    | Note
-------+----------+-------------------------------------------
     0 | D:1      | MackTheKnife the Armataur Artificer began the quest for the
                  | Orb.
     0 | D:1      | Reached XP level 1. HP: 14/14 MP: 1/1
     0 | D:1      | magus.rc [v1.9.6]
    21 | D:1      | Reached skill level 1 in Fighting
    81 | D:1      | Noticed an eye of devastation
    84 | D:1      | Found a faded altar of an unknown god.
   133 | D:1      | Noticed a shining eye
   135 | D:1      | Noticed a great orb of eyes
   135 | D:1      | Noticed a great orb of eyes
   152 | D:1      | Found Jofocut's Antique Armour Emporium.
   213 | D:1      | You pick up a book of Winter and begin reading...
   213 | D:1      | You add the spells Ozocubu's Armour, Metabolic Englaciation
                  | and Simulacrum to your library.
   465 | D:1      | Reached XP level 2. HP: 22/22 MP: 2/2
   472 | D:1      | Reached skill level 2 in Fighting
   749 | D:2      | Found Boatoso's Armour Shop.
   878 | D:2      | Identified the +1 leather armour of Precision Catastrophes
                  | {SInv}
  1154 | D:2      | Identified the ring "Mudukas" {rF+ Int-4 Slay+4 SInv}
  1193 | D:2      | Noticed Terence
  1200 | D:2      | Killed Terence
  1201 | D:2      | Reached skill level 3 in Fighting
  1201 | D:2      | Reached XP level 3. HP: 21/29 MP: 3/3
  1568 | D:3      | Found an ancient bone altar of Kikubaaqudgha.
  1584 | D:3      | Found a broken altar of Ashenzari.
  1640 | D:3      | Found a blossoming altar of Fedhas.
  1891 | D:3      | You pick up a book of Sloth and begin reading...
  1891 | D:3      | You add the spells Frozen Ramparts and Petrify to your
                  | library.
  1929 | D:3      | Found a shimmering altar of Xom.
  2038 | D:3      | Noticed Ijyb
  2045 | D:3      | Killed Ijyb
  2046 | D:3      | Reached XP level 4. HP: 31/37 MP: 4/4
  2471 | D:4      | Noticed Sigmund
  2490 | D:4      | Killed Sigmund
  2491 | D:4      | Reached skill level 5 in Fighting
  2491 | D:4      | Reached XP level 5. HP: 44/44 MP: 5/5
  2620 | D:4      | Reached skill level 1 in Polearms
  2620 | D:4      | Reached XP level 6. HP: 51/51 MP: 6/6
  2709 | D:4      | Found a sand-covered staircase.
  2781 | Ossuary  | Entered an ossuary
  2789 | Ossuary  | HP: 6/51 [mummy (16)]
  2793 | Ossuary  | Reached skill level 2 in Polearms
  3118 | D:4      | Found a runed translucent gate.
  3118 | D:4      | Found a runed translucent gate.
  3120 | D:4      | Found a runed translucent gate.
  3123 | D:4      | Noticed DEFE's ghost (amateur DsWn)
  3324 | D:4      | Reached skill level 3 in Polearms
  3367 | D:4      | Found an opulent altar of Gozag.
  3411 | D:4      | Gained mutation: You roll and regenerate health when moving
                  | toward enemies. (Rampage Heal) [Armataur growth]
  3411 | D:4      | Reached XP level 7. HP: 52/56 MP: 7/7
  3421 | D:4      | Became a worshipper of Gozag Ym Sagoz the Greedy
  3802 | D:5      | Entered Level 5 of the Dungeon
  3884 | D:5      | Found a sparkling altar of Nemelex Xobeh.
  4029 | D:5      | Found Waguc's Book Boutique.
  4044 | D:5      | Reached skill level 4 in Polearms
  4318 | D:5      | Found a sacrificial altar of Ru.
  4570 | D:5      | Reached skill level 5 in Polearms
  4580 | D:6      | Found a glowing drain.
  4647 | Sewer    | Entered a sewer
  4874 | D:6      | Reached XP level 8. HP: 58/62 MP: 8/8
  4914 | D:6      | Reached skill level 6 in Polearms
  5297 | D:6      | Reached skill level 7 in Polearms
  5419 | D:6      | Found a shadowy altar of Dithmenos.
  5593 | D:6      | Reached skill level 8 in Polearms
  5805 | D:7      | Reached XP level 9. HP: 68/68 MP: 9/9
  5868 | D:7      | Found a staircase to the Ecumenical Temple.
  5908 | D:7      | Reached skill level 9 in Polearms
  6320 | D:7      | Found Hasuet's Book Boutique.
  6387 | D:8      | Noticed Maurice
  6398 | D:8      | Killed Maurice
  6399 | D:8      | Reached skill level 10 in Polearms
  6408 | D:8      | Found a glowing golden altar of the Shining One.
  6702 | D:7      | Bought a manual of Polearms for 800 gold pieces
  6762 | D:8      | Found a shimmering altar of Xom.
  6762 | D:8      | Noticed AceOff's ghost (novice OpSh)
  6762 | D:8      | Noticed a +2 falchion of chaos
  6763 | D:8      | Found a runed translucent door.
  6772 | D:8      | Noticed Jeremiah
  6817 | D:8      | Killed Jeremiah
  6818 | D:8      | Reached skill level 11 in Polearms
  6874 | D:8      | Found a staircase to the Lair.
  7102 | D:8      | Reached XP level 10. HP: 72/74 MP: 10/10
  7285 | D:8      | Reached skill level 12 in Polearms
  7494 | D:8      | Reached skill level 13 in Polearms
  7755 | D:9      | Noticed a two-headed ogre
  7965 | D:9      | Noticed Joseph
  7975 | D:9      | Killed Joseph
  8009 | D:9      | Noticed a two-headed ogre
  8016 | D:9      | Killed a two-headed ogre
  8017 | D:9      | Reached skill level 14 in Polearms
  8094 | D:9      | Noticed a two-headed ogre
  8100 | D:9      | Noticed an arcanist
  8132 | D:9      | Killed an arcanist
  8133 | D:9      | Reached skill level 15 in Polearms
  8359 | D:9      | Reached XP level 11. HP: 70/81 MP: 11/11
  8366 | D:9      | Reached skill level 6 in Fighting
  8435 | D:9      | Killed a two-headed ogre
  8467 | D:9      | Reached skill level 7 in Fighting
  8640 | D:9      | Found an ornate altar of the Wu Jian Council.
  8719 | D:10     | Entered Level 10 of the Dungeon
  8746 | D:10     | Found a white marble altar of Elyvilon.
  8775 | D:10     | Found a burning altar of Makhleb.
  8832 | D:10     | Found a transporter.
  8832 | D:10     | Noticed baljet's ghost (journeyman TrFi)
  8833 | D:10     | Identified the +8 dire flail of the Vase {drain, rC+ MP+9
                  | Int-3 Stlth+}
  8833 | D:10     | Noticed a two-headed ogre
  8833 | D:10     | Noticed a two-headed ogre
  8834 | D:10     | Noticed a two-headed ogre
  8835 | D:10     | Noticed a two-headed ogre
  9155 | D:10     | Reached skill level 8 in Fighting
  9309 | D:10     | Noticed Erica
  9315 | D:10     | Killed Erica
  9457 | Lair:1   | Entered Level 1 of the Lair of Beasts
  9461 | Lair:1   | Reached skill level 9 in Fighting
  9742 | Lair:1   | Reached skill level 10 in Fighting
  9889 | Lair:1   | Gained mutation: You have sharp toenails. [potion of
                  | mutation]
  9889 | Lair:1   | Gained mutation: You are frail. (-10% HP) [potion of
                  | mutation]
  9889 | Lair:1   | Gained mutation: Your system is resistant to poisons.
                  | (rPois) [potion of mutation]
  9889 | Lair:1   | Gained mutation: Your muscles are strong. (Str +4, Int/Dex
                  | -1) [potion of mutation]
  9889 | Lair:1   | Gained mutation: You are strong-willed. (Will+) [potion of
                  | mutation]
  9890 | Lair:1   | Lost mutation: You are frail. (-10% HP) [potion of
                  | mutation]
  9890 | Lair:1   | Lost mutation: Your system is resistant to poisons. (rPois)
                  | [potion of mutation]
  9890 | Lair:1   | Lost mutation: Your muscles are strong. (Str +4, Int/Dex
                  | -1) [potion of mutation]
  9890 | Lair:1   | Lost mutation: You are strong-willed. (Will+) [potion of
                  | mutation]
  9890 | Lair:1   | Lost mutation: You have sharp toenails. [potion of
                  | mutation]
  9890 | Lair:1   | Gained mutation: You are occasionally teleported next to
                  | monsters. [potion of mutation]
  9890 | Lair:1   | Gained mutation: You are robust. (+10% HP) [potion of
                  | mutation]
  9891 | Lair:1   | Lost mutation: You are robust. (+10% HP) [potion of
                  | mutation]
  9891 | Lair:1   | Lost mutation: You are occasionally teleported next to
                  | monsters. [potion of mutation]
  9891 | Lair:1   | Gained mutation: Your natural rate of healing is unusually
                  | fast. [potion of mutation]
  9891 | Lair:1   | Gained mutation: You are robust. (+10% HP) [potion of
                  | mutation]
  9891 | Lair:1   | Gained mutation: You have a somewhat thin skeletal
                  | structure. (Dex +2, Stealth+) [potion of mutation]
  9891 | Lair:1   | Gained mutation: You are partially covered in iridescent
                  | scales. (AC +2) [potion of mutation]
 10081 | Lair:1   | Reached skill level 11 in Fighting
 10081 | Lair:1   | Reached XP level 12. HP: 106/110 MP: 12/12
 10093 | Lair:1   | Identified the +0 robe of Kovom {Int+2}
 10850 | Lair:2   | Noticed a five-headed hydra
 10920 | Lair:2   | You pick up a book of Conjurations {@e2} and begin
                  | reading...
 10920 | Lair:2   | You add the spells Magic Dart, Searing Ray and Fulminant
                  | Prism to your library.
 10986 | Lair:2   | Noticed a catoblepas
 10996 | Lair:2   | Killed a catoblepas
 10997 | Lair:2   | Reached skill level 12 in Fighting
 10997 | Lair:2   | Reached skill level 3 in Armour
 10997 | Lair:2   | Reached skill level 1 in Dodging
 11132 | Lair:3   | Noticed a four-headed hydra
 11138 | Lair:3   | Killed a four-headed hydra
 11139 | Lair:3   | Reached skill level 4 in Armour
 11139 | Lair:3   | Reached skill level 2 in Dodging
 11328 | Lair:3   | Reached skill level 5 in Armour
 11349 | Lair:3   | Reached skill level 3 in Dodging
 11365 | Lair:3   | Reached skill level 6 in Armour
 11416 | Lair:3   | Reached skill level 4 in Dodging
 11518 | Lair:3   | Identified a scroll of acquirement
 11518 | Lair:3   | Acquired 1059 gold pieces
 11578 | D:8      | Bought the amulet "Fomeosum" {Faith +Blink rF+ Slay+6} for
                  | 1120 gold pieces
 12060 | Lair:3   | You pick up a book of Burglary and begin reading...
 12060 | Lair:3   | You add the spells Passwall, Ensorcelled Hibernation and
                  | Swiftness to your library.
 12179 | Lair:3   | Found a hole to the Spider Nest.
 12261 | Lair:3   | Reached skill level 16 in Polearms
 12277 | Lair:3   | Found a staircase to the Swamp.
 12514 | Lair:4   | Reached XP level 13. HP: 118/118 MP: 13/13
 12530 | Lair:4   | Noticed Josephine
 12566 | Lair:4   | Killed Josephine
 12726 | Lair:4   | Found a runed translucent gate.
 12726 | Lair:4   | Found a runed translucent gate.
 12728 | Lair:4   | Found a runed translucent gate.
 13047 | Lair:4   | Reached skill level 13 in Fighting
 13232 | Lair:4   | Noticed Hiramiqi's ghost (journeyman TeFE)
 13288 | Lair:4   | Killed Hiramiqi's ghost
 13473 | Lair:4   | Got the ring of Symmetry {Fire Str-5 Int+8}
 13654 | Lair:5   | Entered Level 5 of the Lair of Beasts
 13701 | Lair:5   | Found a runed translucent door.
 13703 | Lair:5   | Found a staircase to the Slime Pits.
 13738 | Lair:5   | Noticed PanSaczeczos's ghost (journeyman GrSh)
 13832 | Lair:5   | Reached skill level 14 in Fighting
 14062 | Lair:5   | Reached skill level 15 in Fighting
 14271 | Lair:5   | You pick up a book of Armaments and begin reading...
 14271 | Lair:5   | You add the spells Stone Arrow, Animate Armour and
                  | Lehudib's Crystal Spear to your library.
 14631 | Lair:5   | Reached XP level 14. HP: 135/135 MP: 14/14
 14759 | Lair:5   | Reached skill level 16 in Fighting
 15172 | Lair:5   | Reached skill level 7 in Armour
 15273 | Lair:5   | Reached skill level 5 in Dodging
 15347 | Lair:5   | You add the spells Gell's Gravitas, Teleport Other and
                  | Dispersal to your library.
 15626 | D:11     | Reached skill level 8 in Armour
 16065 | D:11     | You fall into a shaft and drop 1 floor!
 16411 | D:12     | Reached skill level 9 in Armour
 16585 | D:12     | Reached skill level 6 in Dodging
 16722 | D:12     | Found a staircase to the Orcish Mines.
 16960 | Orc:1    | Entered Level 1 of the Orcish Mines
 16960 | Orc:1    | Found Uguskuk's Jewellery Shoppe.
 17118 | Orc:2    | Entered Level 2 of the Orcish Mines
 17118 | Orc:2    | Noticed Sonja
 17120 | Orc:2    | Sonja changed into Sonja the warg
 17120 | Orc:2    | Noticed Sonja
 17123 | Orc:2    | Killed Sonja the warg
 17353 | Orc:2    | Found a staircase to the Elven Halls.
 17355 | Orc:2    | Found Hytatet's General Store.
 17382 | Orc:2    | Found Vasmoti's Specific Store.
 17557 | Orc:1    | Noticed Gastronok
 17569 | Orc:2    | Reached skill level 10 in Armour
 17687 | Orc:1    | Killed Gastronok
 17775 | Orc:2    | Found Niff's Book Emporium.
 17916 | Orc:2    | Found Lidythio's Distillery.
 17920 | Orc:2    | Paralysed by an orc sorcerer for 5 turns
 17951 | Orc:2    | Bought a potion of resistance for 140 gold pieces
 18008 | Orc:2    | Noticed Saint Roka
 18210 | Orc:1    | Noticed Fannar
 18233 | Orc:2    | Killed Fannar
 18234 | Orc:2    | Reached skill level 7 in Dodging
 18537 | Orc:2    | Killed Saint Roka
 18538 | Orc:2    | Reached skill level 11 in Armour
 18538 | Orc:2    | Reached XP level 15. HP: 118/144 MP: 15/15
 18574 | Orc:2    | Found Tool's Antique Armour Boutique.
 18584 | Orc:2    | Found Doet's Antique Weapon Shop.
 18635 | Orc:2    | Bought a pair of runed gloves for 195 gold pieces
 18740 | Orc:2    | Found Jalodgh's General Store.
 19117 | D:8      | Bought the +9 acid dragon scales of Whack-A-Mole {Rampage
                  | Fly rCorr} for 1317 gold pieces
 19129 | D:8      | Bought a faintly humming helmet for 180 gold pieces
 19129 | D:8      | Identified the +1 helmet "Nalagg" {rElec rF- rCorr Int+4}
                  | (You bought it in a shop on level 8 of the Dungeon)
 19694 | D:13     | You pick up a book of Sloth and begin reading...
 19817 | D:13     | Reached skill level 12 in Armour
 19830 | D:13     | Reached skill level 8 in Dodging
 19950 | D:13     | Found a gate to the Vaults.
 20036 | D:14     | You pick up a book of Cantrips and begin reading...
 20036 | D:14     | You add the spells Necrotise, Summon Small Mammal and
                  | Apportation to your library.
 20409 | D:14     | Found Boqiun's Magic Scroll Shop.
 20413 | D:14     | Bought a scroll of revelation for 112 gold pieces
 20536 | D:15     | Entered Level 15 of the Dungeon
 20576 | D:15     | Found a staircase to the Depths.
 20587 | D:15     | Reached skill level 9 in Dodging
 20822 | D:15     | You pick up a book of Unlife and begin reading...
 20822 | D:15     | You add the spells Borgnjor's Vile Clutch and Death Channel
                  | to your library.
 21302 | D:15     | Reached skill level 10 in Dodging
 21479 | D:8      | Bought the ring of the Burning Sultana {rPois Str+6 Int+5}
                  | for 750 gold pieces
 21493 | Lair:1   | magus.rc [v1.9.6]
 21569 | Spider:1 | Entered Level 1 of the Spider Nest
 21643 | Spider:1 | Reached skill level 4 in Evocations
 21765 | Spider:1 | Reached skill level 5 in Evocations
 21816 | Spider:1 | Noticed Nikola
 21828 | Spider:1 | Killed Nikola
 21919 | Spider:1 | Reached skill level 6 in Evocations
 22141 | Spider:2 | You are sucked into a shaft and drop 1 floor!
 22186 | Spider:3 | Reached skill level 7 in Evocations
 22214 | Spider:3 | You pick up a book of Spatial Translocations and begin
                  | reading...
 22214 | Spider:3 | You add the spells Blink, Momentum Strike and Lesser
                  | Beckoning to your library.
 22230 | Spider:3 | Reached XP level 16. HP: 148/151 MP: 16/16
 22314 | Spider:2 | Reached skill level 8 in Evocations
 22635 | Spider:2 | You pick up a book of Debilitation and begin reading...
 22635 | Spider:2 | You add the spells Slow, Sigil of Binding, Vampiric
                  | Draining and Confusing Touch to your library.
 22705 | Spider:2 | Reached skill level 9 in Evocations
 22920 | Spider:2 | Reached skill level 10 in Evocations
 23248 | Spider:3 | Reached skill level 13 in Armour
 23526 | Spider:3 | Noticed Azrael
 23542 | Spider:3 | Killed Azrael
 23547 | Spider:3 | Reached skill level 14 in Armour
 23848 | Spider:4 | Entered Level 4 of the Spider Nest
 23979 | Spider:4 | You pick up a book of the Dragon and begin reading...
 23979 | Spider:4 | You add the spells Cause Fear, Fireball and Dragon's Call
                  | to your library.
 24031 | Spider:4 | Noticed Donald
 24044 | Spider:3 | Killed Donald
 24124 | Spider:4 | Identified the +11 war axe of Beogh's Whim {drain, *Rage
                  | rN+ SInv}
 24417 | Spider:4 | Reached skill level 11 in Dodging
 24618 | Spider:4 | You pick up a book of Ice and begin reading...
 24785 | Spider:4 | Reached XP level 17. HP: 158/158 MP: 17/17
 24826 | Spider:4 | Reached skill level 12 in Dodging
 24934 | Spider:4 | Identified a potion of experience
 24947 | Spider:4 | Reached skill level 8 in Stealth
 24947 | Spider:4 | Reached XP level 18. HP: 166/166 MP: 18/18
 24947 | Spider:4 | Reached XP level 19. HP: 172/172 MP: 19/19
 24951 | Spider:4 | Identified the scarf of Decompression {shadows, rCorr Str+3
                  | Int-5}
 24957 | Spider:4 | Got a gossamer rune of Zot
 24966 | Spider:4 | Identified the +1 hat "Napuxis" {Int+6}
 25226 | Swamp:1  | Entered Level 1 of the Swamp
 25277 | Swamp:1  | Reached skill level 9 in Stealth
 25338 | Swamp:1  | Found a frozen archway.
 25390 | IceCv    | Entered an ice cave
 25418 | IceCv    | Reached skill level 10 in Stealth
 25903 | IceCv    | HP: 34/172 [enormous slime creature (58)]
 26219 | IceCv    | Found a viscous altar of Jiyva.
 26290 | IceCv    | Got the +4 mace "Micyss" {freeze, Fly rC- rN+ Stlth+, mace}
 26421 | Swamp:1  | You add the spells Cigotuvi's Dreadful Rot, Ignite Poison
                  | and Freezing Cloud to your library.
 26981 | D:5      | Bought an Inescapable Atlas for 176 gold pieces
 26986 | D:5      | Learned a level 4 spell: Manifold Assault
 27063 | D:8      | Bought a scroll of teleportation for 57 gold pieces
 27063 | D:8      | Bought a scroll of teleportation for 57 gold pieces
 27253 | Swamp:2  | Reached skill level 1 in Translocations
 27256 | Swamp:2  | Reached skill level 1 in Spellcasting
 27326 | Swamp:2  | Identified the +5 long sword of Currency {flame, rF+ Int+3
                  | Dex-5}
 27389 | Swamp:2  | Reached skill level 2 in Translocations
 27501 | Swamp:2  | Reached skill level 2 in Spellcasting
 27848 | Swamp:3  | Reached skill level 3 in Translocations
 28019 | Swamp:3  | You pick up a book of Changes and begin reading...
 28019 | Swamp:3  | You add the spells Wereblood and Irradiate to your library.
 28118 | Swamp:3  | Reached skill level 3 in Spellcasting
 28135 | Swamp:3  | Reached skill level 4 in Translocations
 28188 | Swamp:3  | Acquired the +3 barding "Wasiske" {^Drain rPois Will+}
 28430 | Swamp:4  | Entered Level 4 of the Swamp
 28455 | Swamp:3  | Reached skill level 4 in Spellcasting
 28544 | Swamp:4  | Reached skill level 5 in Translocations
 28964 | Vaults:1 | Entered Level 1 of the Vaults
 29019 | Vaults:1 | Reached skill level 6 in Translocations
 29090 | Vaults:1 | Noticed Norris
 29124 | Vaults:1 | Killed Norris
 29125 | Vaults:1 | Reached skill level 7 in Translocations
 29214 | Vaults:1 | Found Beyn's Distillery.
 29265 | Vaults:1 | Reached skill level 8 in Translocations
 29291 | Vaults:1 | Bought a potion of heal wounds for 95 gold pieces
 29427 | Vaults:1 | Reached skill level 9 in Translocations
 29550 | Vaults:1 | Reached XP level 20. HP: 182/182 MP: 26/26
 29721 | Vaults:1 | Reached skill level 10 in Translocations
 30339 | Vaults:2 | Found a flickering gateway to a bazaar.
 30344 | Bazaar   | Entered a bazaar
 30344 | Bazaar   | Found Tixav's Antique Weapon Emporium.
 30344 | Bazaar   | Found Adumyjoa's Antique Weapon Emporium.
 30345 | Bazaar   | Found Omuham's Jewellery Shoppe.
 30345 | Bazaar   | Found Cupsi's Antique Weapon Shoppe.
 30370 | Bazaar   | Bought the ring "Nelits" {*Slow rF+ rC+ Str+6} for 644 gold
                  | pieces
 30654 | Vaults:2 | Paralysed by a formless jellyfish for 1 turns
 30745 | Vaults:2 | Reached skill level 17 in Fighting
 30827 | Vaults:2 | Reached skill level 17 in Polearms
 31564 | Vaults:2 | Got the Notes on Voltaic Trauma
 31958 | Vaults:2 | Found a staircase to the Crypt.
 32337 | Vaults:3 | Learned a level 2 spell: Wereblood
 32490 | Vaults:3 | Reached skill level 1 in Transmutations
 32525 | Vaults:3 | Reached skill level 2 in Transmutations
 32545 | Vaults:3 | Reached skill level 3 in Transmutations
 32738 | Vaults:3 | Reached skill level 4 in Transmutations
 32766 | Vaults:3 | HP: 43/187 [orc high priest/divine providence (15)]
 33024 | Vaults:3 | Reached skill level 5 in Transmutations
 33025 | Vaults:3 | Found Issiag's General Store.
 33049 | Vaults:3 | Reached XP level 21. HP: 193/193 MP: 4/27
 33067 | Vaults:3 | HP: 65/289 [orc warlord/+2 great mace of holy wrath (30)]
 33075 | Vaults:3 | Reached skill level 6 in Transmutations
 33453 | Vaults:3 | Reached skill level 18 in Fighting
 34212 | Vaults:4 | Reached skill level 18 in Polearms
 34789 | Vaults:4 | Paralysed by a sphinx for 2 turns
 35341 | D:8      | Bought a sack of spiders for 1360 gold pieces
 35501 | Elf:1    | Entered Level 1 of the Elven Halls
 35503 | Elf:1    | You are sucked into a shaft and drop 1 floor!
 35503 | Elf:2    | Found a runed translucent gate.
 35503 | Elf:2    | Found a runed translucent gate.
 35503 | Elf:2    | Found a runed translucent gate.
 35894 | Elf:1    | Reached skill level 19 in Fighting
 36823 | Elf:2    | Found Xeteruox's Jewellery Shoppe.
 37295 | Elf:2    | Reached skill level 19 in Polearms
 37353 | Elf:2    | Identified the blade talisman of Launobo {*Corrode rC++
                  | Dex+2 Slay-6}
 37502 | Elf:3    | Entered Level 3 of the Elven Halls
 37911 | Elf:3    | Reached XP level 22. HP: 207/207 MP: 28/28
 38162 | Elf:3    | Found Isaewk's Distillery.
 38179 | Elf:3    | Bought a potion of cancellation for 120 gold pieces
 38179 | Elf:3    | Bought a potion of heal wounds for 75 gold pieces
 38179 | Elf:3    | Bought a potion of heal wounds for 75 gold pieces
 38179 | Elf:3    | Bought a potion of heal wounds for 75 gold pieces
 38179 | Elf:3    | Bought a potion of heal wounds for 75 gold pieces
 38516 | Elf:3    | Identified the +0 acid dragon scales "Bemaasaf" {Fly rCorr
                  | Str+2}
 38617 | Elf:3    | Identified the +1 demon blade of Amortisation {elec, rC+
                  | Will+ Str+5 Int-2}
 38626 | Elf:3    | Identified an amulet of Mafatu {RegenMP Will++}
 38627 | Elf:3    | Identified the +6 short sword of Hard Scrabble {pain, rN+
                  | Int+7 Dex-5}
 38630 | Elf:3    | Identified the staff of the Hall of Blades {^Fragile rC+
                  | rN+ Dex+6 Stlth+ Ice}
 38656 | Elf:3    | Identified the +4 scimitar "Gidue" {freeze, rC+ Dex+4 SInv}
 38667 | Elf:3    | Identified the +6 spear of Desperation {flame, Str-4 Int+3
                  | Dex+3 Stlth+}
 38674 | Elf:3    | Reached skill level 20 in Fighting
 38984 | Elf:3    | Identified the staff "Zaack" {rElec rPois Dex+5 Air}
 39058 | Elf:3    | Found the +2 hood of the Assassin {Detect Stab+ Stlth++}
 39066 | Elf:3    | You add the spells Sting, Poisonous Vapours and Olgreb's
                  | Toxic Radiance to your library.
 39074 | Elf:3    | You pick up a book of Fire and begin reading...
 39074 | Elf:3    | You add the spells Foxfire, Plasma Beam and Starburst to
                  | your library.
 39422 | Depths:1 | Entered Level 1 of the Depths
 39442 | Depths:1 | Noticed the Enchantress
 39759 | D:15     | Reached skill level 20 in Polearms
 39903 | D:15     | Killed the Enchantress
 40854 | Depths:1 | Found a gateway to Hell.
 41875 | Orc:1    | Bought the amulet "Talieg" {Reflect Fly rElec rF+ SH+5} for
                  | 690 gold pieces
 42295 | Depths:2 | Found a one-way gate leading to the halls of Pandemonium.
 42441 | Depths:2 | Reached skill level 21 in Polearms
 43231 | Depths:2 | Found Roid's Assorted Antiques.
 43338 | Depths:2 | Bought a masterwork bardiche for 532 gold pieces
 43338 | Depths:2 | Identified the +5 bardiche of Defenestration {elec, +Blink
                  | Dex+3 SInv} (You bought it in a shop on level 2 of the
                  | Depths)
 43632 | Depths:3 | You pick up a book of Minor Magic and begin reading...
 43632 | Depths:3 | You add the spells Call Imp and Mephitic Cloud to your
                  | library.
 43760 | Depths:3 | Reached XP level 23. HP: 193/215 MP: 17/29
 43849 | Depths:3 | Identified the +7 chain mail of Resourcefulness {^Drain
                  | +Inv rPois Str+5}
 43902 | Depths:3 | You pick up a book of Scorching and begin reading...
 43902 | Depths:3 | You add the spells Scorch, Flame Wave and Summon Cactus
                  | Giant to your library.
 43911 | Depths:3 | You add the spells Vhi's Electric Charge, Arcjolt and
                  | Maxwell's Capacitive Coupling to your library.
 43938 | Depths:3 | Noticed Mara
 43956 | Depths:3 | Noticed MackTheKnife's illusion
 43959 | Depths:3 | Noticed Vv
 44045 | Depths:3 | Noticed a caustic shrike
 44055 | Depths:3 | Killed a caustic shrike
 44060 | Depths:3 | Reached skill level 22 in Polearms
 44216 | Depths:3 | Noticed MackTheKnife's illusion
 44218 | Depths:3 | Killed Mara
 44330 | Depths:3 | Found a corrupted altar of Lugonu.
 44331 | Depths:3 | Found a one-way gate to the infinite horrors of the Abyss.
 44340 | Depths:3 | You are sucked into a shaft and drop 1 floor!
 44340 | Depths:4 | Entered Level 4 of the Depths
 44376 | Depths:4 | Found a one-way gateway to a ziggurat.
 44640 | Depths:3 | Killed Vv
 44783 | Depths:3 | Noticed Sojobo
 44798 | Depths:3 | Killed Sojobo
 45486 | Depths:4 | Found a gate to the Realm of Zot.
 45886 | Depths:4 | Reached skill level 23 in Polearms
 46117 | Depths:4 | You pick up a book of Cantrips and begin reading...
 46745 | Vaults:5 | Entered Level 5 of the Vaults
 46999 | Vaults:5 | You add the spells Tukima's Dance, Passage of Golubria and
                  | Yara's Violent Unravelling to your library.
 47063 | Vaults:5 | You pick up a book of Death and begin reading...
 47063 | Vaults:5 | You add the spells Haunt and Infestation to your library.
 47189 | Vaults:5 | Got a silver rune of Zot
 47289 | Vaults:5 | Identified the +5 lajatang of Zison {flame, Will- rCorr
                  | MP+9 Dex+2}
 47430 | Vaults:5 | Identified the ring of Alafeecs {rElec rC- rCorr Str-2
                  | Dex+8}
 47615 | Vaults:5 | Reached skill level 24 in Polearms
 47632 | Vaults:5 | Reached XP level 24. HP: 180/224 MP: 29/29
 47832 | Vaults:5 | Reached skill level 15 in Armour
 47841 | Vaults:5 | Identified the +0 leather armour of Sorcery {rPois rN+++
                  | rCorr Dex-4}
 48296 | Vaults:5 | You pick up a book of Dreams and begin reading...
 48296 | Vaults:5 | You add the spells Jinxbite and Anguish to your library.
 48418 | Vaults:5 | Found Epuolepe's Distillery.
 48418 | Vaults:5 | Found Lareihoa's Magic Scroll Emporium.
 48421 | Vaults:5 | Reached skill level 16 in Armour
 48531 | Vaults:5 | Bought a potion of heal wounds for 85 gold pieces
 48531 | Vaults:5 | Bought a potion of haste for 170 gold pieces
 49814 | Swamp:4  | Reached skill level 17 in Armour
 50234 | Swamp:4  | Got a decaying rune of Zot
 50892 | Zot:1    | Entered Level 1 of the Realm of Zot
 50912 | Zot:2    | Found a snail-covered altar of Cheibriados.
 50947 | Zot:3    | Found the +4 dragonskin cloak
 50947 | Zot:3    | Tiamat, Avatar of the Dragonlord comes into view. She is
                  | wielding a +2 glaive of venom and wearing the +4 dragonskin
                  | cloak.
 50947 | Zot:3    | Noticed Tiamat
 50949 | Zot:3    | Reached skill level 18 in Armour
 51473 | Zot:2    | Reached skill level 19 in Armour
 51676 | Zot:3    | You pick up a book of Unlife and begin reading...
 51826 | Zot:4    | Reached skill level 20 in Armour
 51857 | Zot:5    | Entered Level 5 of the Realm of Zot
 51949 | Zot:5    | Reached skill level 11 in Stealth
 52093 | Zot:5    | Noticed an orb of fire
 52096 | Zot:5    | Killed an orb of fire
 52097 | Zot:5    | magus.rc [v1.9.6]
 52236 | Zot:5    | Noticed an orb of fire
 52238 | Zot:5    | Reached skill level 12 in Stealth
 52239 | Zot:5    | Gained mutation: Your magical capacity is low. (-10% MP)
                  | [an orb of fire]
 52244 | Zot:5    | Killed an orb of fire
 52526 | Zot:5    | Reached skill level 13 in Stealth
 52526 | Zot:5    | Reached XP level 25. HP: 133/231 MP: 8/26
 52729 | Zot:5    | Noticed a dread lich
 52770 | Zot:5    | Noticed an orb of fire
 52771 | Zot:5    | Noticed an orb of fire
 52772 | Zot:5    | Noticed an ancient lich
 52773 | Zot:5    | Noticed a Killer Klown
 52777 | Zot:5    | Noticed a dread lich
 52778 | Zot:5    | Killed an orb of fire
 52779 | Zot:5    | Reached skill level 14 in Stealth
 52787 | Zot:5    | Killed an ancient lich
 52793 | Zot:5    | Noticed an electric golem
 52794 | Zot:5    | Noticed a Killer Klown
 52799 | Zot:5    | Killed a Killer Klown
 52808 | Zot:5    | Killed an electric golem
 52818 | Zot:5    | Reached skill level 15 in Stealth
 52853 | Zot:5    | Noticed an ancient lich
 52854 | Zot:5    | Noticed an ancient lich
 52854 | Zot:5    | Noticed an orb of fire
 52854 | Zot:5    | Noticed an ancient lich
 52856 | Zot:5    | Killed an orb of fire
 52857 | Zot:5    | Noticed an orb of fire
 52857 | Zot:5    | Noticed a dread lich
 52858 | Zot:5    | Noticed an ancient lich
 52858 | Zot:5    | Noticed an ancient lich
 52859 | Zot:5    | Noticed a Killer Klown
 52865 | Zot:5    | Killed an ancient lich
 52875 | Zot:5    | Killed an orb of fire
 52877 | Zot:5    | Killed an orb of fire
 52881 | Zot:5    | Killed an ancient lich
 52882 | Zot:5    | Reached skill level 16 in Stealth
 52885 | Zot:5    | Killed a dread lich
 52895 | Zot:5    | Killed an ancient lich
 52970 | Zot:5    | Killed a dread lich
 52971 | Zot:5    | Reached skill level 17 in Stealth
 53024 | Zot:5    | Got the Orb of Zot
 53024 | Zot:5    | Noticed an electric golem
 53058 | Zot:5    | Killed an electric golem
 53060 | Zot:5    | Gained mutation: Your body sometimes deteriorates upon
                  | taking damage. [mutagenic glow]
 53154 | Zot:4    | Noticed Nopi Jea the pandemonium lord
 53439 | D:15     | Noticed Zehicah the pandemonium lord
 53581 | D:9      | Noticed Pumoku the pandemonium lord
 53766 | D:$      | Escaped with the Orb!

Vanquished Creatures
  2 dread liches (Zot:5)
  4 orbs of fire (Zot:5)
  3 ancient liches (Zot:5)
  Mara (Depths:3)
  Sojobo (Depths:3)
  Vv (Depths:3)
  A Killer Klown (Zot:5)
  Saint Roka (Orc:2)
  A caustic shrike (Depths:3)
  5 golden dragons
  Norris (Vaults:1)
  Nikola (Spider:1)
  A bone dragon (Depths:1)
  the Enchantress (D:15)
  An electric golem (Zot:5)
  11 tentacled monstrosities
  4 titans (Vaults:5)
  15 Orb Guardians
  3 liches
  2 deep elf blademasters (Elf:3)
  A walking earthen tome (Depths:2)
  4 quicksilver dragons
  5 death cobs
  2 deep elf master archers (Elf:3)
  5 sphinxes
  Gastronok (Orc:1)
  7 tengu reavers
  5 shadow dragons
  Donald (Spider:3)
  11 fire giants
  A fenstrider witch (Swamp:4)
  2 thorn hunters
  5 storm dragons
  A draconian knight (Zot:4)
  A rockslime (IceCv)
  8 frost giants
  3 azure jellies (IceCv)
  4 draconian monks
  15 vault wardens
  8 deep elf sorcerers
  2 iron dragons
  4 deep elf elementalists
  2 draconian shifters (Zot:5)
  A protean progenitor (Zot:2)
  3 emperor scorpions (Spider:4)
  4 draconian scorchers
  5 ghost moths
  4 ghouls (Swamp:3)
  An angel (D:13)
  A reaper (Zot:3)
  20 very ugly things
  18 ironbound preservers
  3 quicksilver oozes (IceCv)
  An orc warlord (Vaults:3)
  7 broodmothers
  11 stone giants
  2 cacodemons
  3 formless jellyfish
  4 draconian annihilators
  2 war gargoyles (Vaults:5)
  7 ironbound thunderhulks
  3 spriggan defenders
  A vampire knight (Vaults:2)
  Azrael (Spider:3)
  5 green draconians
  5 black draconians
  7 deep elf annihilators
  9 deep elf demonologists
  12 spark wasps
  3 white draconians
  4 eleionomae
  6 purple draconians
  7 yellow draconians
  The ghost of Hiramiqi the Summoner, a journeyman TeFE of Vehumet (Lair:4)
  7 dire elephants
  8 red draconians
  2 bunyips
  A blizzard demon (Zot:3)
  6 fire dragons
  7 entropy weavers
  6 deep elf death magi
  15 yaktaur captains
  8 ettins
  3 rakshasas
  A shambling mangrove (Swamp:4)
  Josephine (Lair:4)
  A quicksilver dragon skeleton (Depths:3)
  6 deep elf high priests
  An entropy weaver (shapeshifter) (D:15)
  27 vault guards (Vaults:5)
  3 great orbs of eyes
  2 hell beasts
  18 hydras
  Fannar (Orc:2)
  3 spriggan air magi
  3 catoblepae
  A salamander tyrant (Depths:1)
  6 ice dragons
  12 centaur warriors
  6 alligators
  2 ghost crabs
  A peacekeeper (Vaults:4)
  2 ogre magi (Vaults:5)
  A jorogumo (Spider:3)
  4 radroaches
  8 ironbound frosthearts
  5 two-headed ogres
  30 dancing weapons
  5 deep troll shamans
  Erica (D:10)
  6 boulder beetles
  6 demonic crawlers
  A death knight (D:15)
  5 orc high priests
  A tengu warrior (Depths:2)
  7 deep troll earth magi
  A vampire mage (Depths:2)
  A hell hog (Lair:5)
  3 occultists
  2 spriggan berserkers
  5 hell knights
  2 sun demons (Zot:5)
  5 skysharks
  10 deep elf knights
  3 sun moths
  7 pharaoh ants
  7 iron trolls
  8 large abominations (Depths:4)
  A storm dragon skeleton (Depths:3)
  47 deep trolls
  2 goliath frogs
  5 orb spiders
  A glowing orange brain (shapeshifter) (Vaults:5)
  3 spriggan druids
  A deep troll (shapeshifter) (Vaults:4)
  2 orange crystal statues (IceCv)
  3 glowing orange brains
  A shadow demon (D:15)
  A quicksilver dragon simulacrum (Depths:1)
  8 swamp dragons
  13 lindwurms
  11 steelbarb worms
  7 bog bodies
  8 deep elf archers
  6 phantasmal warriors
  2 spriggan simulacra (Swamp:1)
  A steelbarb worm (shapeshifter) (Vaults:5)
  12 orc knights
  21 ironbound convokers
  A harpy (shapeshifter) (Elf:2)
  5 necromancers
  8 harpies
  A mana viper (shapeshifter) (Elf:3)
  17 wolf spiders
  A frost giant zombie (Depths:3)
  4 orc sorcerers
  9 arcanists
  22 deep elf zephyrmancers
  7 manticores
  2 sphinx simulacra
  An oklob plant (Swamp:3)
  18 deep elf pyromancers
  4 will-o-the-wisps
  A tengu skeleton (Depths:1)
  33 ugly things
  6 cyclopes
  A fire giant zombie (Vaults:1)
  Maurice (D:8)
  8 moths of wrath
  4 kobold blastminers (Orc:2)
  9 elephants
  27 vault sentinels
  Joseph (D:9)
  7 black mambas
  A black mamba (shapeshifter) (Elf:3)
  3 orange demons (D:7)
  A torpor snail (shapeshifter) (Vaults:5)
  4 torpor snails
  3 unseen horrors
  7 rime drakes
  A spriggan zombie (Depths:1)
  3 freezing wraiths
  Jeremiah (D:8)
  21 cane toads
  47 yaktaurs
  A tengu conjurer (Depths:3)
  5 komodo dragons
  2 efreet
  6 trolls
  2 bloated husks (Swamp:4)
  11 polar bears
  3 tyrant leeches
  14 hornets
  2 raiju (Lair:5)
  26 tarantellas
  18 blink frogs
  A snapping turtle (shapeshifter) (Vaults:5)
  3 glass eyes
  A dream sheep (shapeshifter) (Vaults:5)
  41 slime creatures
  An air elemental (Elf:3)
  13 spriggans
  16 culicivoras
  21 jumping spiders
  8 wraiths
  A ynoxinul (Depths:2)
  A spriggan (shapeshifter) (Vaults:5)
  Sigmund (D:4)
  9 fire elementals
  3 water elementals (Elf:1)
  47 yaks
  5 vampires
  6 wyverns
  10 vampire mosquitoes
  6 basilisks
  47 redbacks
  A death yak simulacrum (Lair:4)
  4 chaos spawn
  10 wargs
  A glowing shapeshifter zombie (Depths:1)
  3 harpy simulacra (Swamp:1)
  19 swamp worms
  3 small abominations (Depths:4)
  An acid dragon (D:11)
  11 water moccasins
  16 hell hounds
  3 great orb of eyes simulacra (IceCv)
  A black bear (shapeshifter) (Vaults:5)
  2 human skeletons (Vaults:1)
  8 swamp drakes
  15 black bears
  24 orc warriors
  A boulder beetle simulacrum (Lair:4)
  2 ice beasts
  A black mamba simulacrum (Lair:4)
  3 sky beasts
  6 ogres
  29 wolves
  15 centaurs
  4 slime creature simulacra (IceCv)
  4 phantoms
  A kobold brigand (D:8)
  An elf zombie (Ossuary)
  4 scorpions
  11 bullfrogs
  3 earth elementals
  2 deep troll simulacra (Swamp:1)
  6 wights
  5 glowing shapeshifter simulacra (IceCv)
  7 killer bees
  A lindwurm simulacrum (Swamp:1)
  2 electric eels
  8 howler monkeys
  4 hounds
  2 jellies (D:4)
  A komodo dragon simulacrum (Lair:4)
  16 orc priests
  A gnoll bouda (D:5)
  5 iguanas
  A sleepcap (D:6)
  Terence (D:2)
  Ijyb (D:3)
  26 orc wizards
  A hell rat (Sewer)
  A polar bear simulacrum (Lair:4)
  3 mummies (Ossuary)
  4 gnolls (D:7)
  6 adders
  A river rat (Sewer)
  2 white imps (D:7)
  An adder zombie (Ossuary)
  A dart slug (D:4)
  100 orcs
  11 ball pythons
  5 endoplasms
  2 giant cockroaches
  2 goblins
  5 hobgoblins
  A bat (D:2)
  2 frilled lizards
  3 goblin zombies (Ossuary)
  A hobgoblin zombie (Ossuary)
  7 kobolds
  A kobold zombie (Ossuary)
  An orc zombie (Ossuary)
  2 quokka zombies (Ossuary)
  7 rats
  8 rat zombies (Ossuary)
1864 creatures vanquished.

Vanquished Creatures (collateral kills)
  An orb of fire (Zot:5)
  A golden dragon (Zot:5)
  An electric golem (Zot:5)
  3 Orb Guardians (Zot:5)
  A catoblepas (Lair:5)
  A lindwurm (Lair:5)
  2 moths of wrath (Zot:5)
  2 killer bees
12 creatures vanquished.

Vanquished Creatures (others)
  A dread lich (Zot:5)
  3 ancient liches (Zot:5)
  An orb of fire (Zot:5)
  A Killer Klown (Zot:5)
  8 Orb Guardians (Zot:5)
  A death cob (Zot:5)
  A draconian shifter (Zot:5)
  A balrug (Zot:5)
  A draconian annihilator (Zot:5)
  A green draconian (Zot:4)
  A red draconian (Zot:5)
  An ice dragon (Depths:2)
  A two-headed ogre (D:9)
  A hell knight (Depths:3)
  A sun demon (Zot:5)
  A deep elf zephyrmancer (Elf:1)
  An ugly thing (Depths:3)
  A manticore (Lair:5)
  A moth of wrath (Zot:5)
  A bloated husk (Swamp:2)
  A yak (D:10)
  2 redbacks (Spider:3)
  3 killer bees
  An orc (Orc:2)
36 creatures vanquished.

Grand Total: 1912 creatures vanquished

Table legend:
 A = Non-vault XP
 B = Vault XP
 C = Vault XP percentage of total XP
 D = Non-vault monster count
 E = Vault monster count
 F = Vault count percentage of total count
                 A         B        C        D         E       F
            +---------+---------+-------+---------+---------+-------
      Total |  531587 |  527657 |  49.8 |    1085 |     787 |  42.0
            +---------+---------+-------+---------+---------+-------
        D:1 |      22 |       0 |   0.0 |      13 |       0 |   0.0
        D:2 |      11 |      36 |  76.6 |       8 |       1 |  11.1
        D:3 |      21 |      35 |  62.5 |      12 |       1 |   7.7
        D:4 |     236 |     218 |  48.0 |      14 |       2 |  12.5
        D:5 |     338 |      93 |  21.6 |      14 |       3 |  17.6
        D:6 |     759 |     480 |  38.7 |      20 |       8 |  28.6
        D:7 |    1281 |       0 |   0.0 |      20 |       0 |   0.0
        D:8 |    2213 |    1637 |  42.5 |      24 |       6 |  20.0
        D:9 |    4456 |    1520 |  25.4 |      22 |       6 |  21.4
       D:10 |    2388 |     823 |  25.6 |      10 |       1 |   9.1
       D:11 |    4721 |     119 |   2.5 |      21 |       1 |   4.5
       D:12 |    5086 |     568 |  10.0 |      17 |      17 |  50.0
       D:13 |    4706 |    6856 |  59.3 |      17 |      17 |  50.0
       D:14 |    7325 |       0 |   0.0 |      18 |       0 |   0.0
       D:15 |   17414 |    7769 |  30.9 |      35 |       8 |  18.6
     Lair:1 |    6040 |       0 |   0.0 |      23 |       0 |   0.0
     Lair:2 |    4061 |       0 |   0.0 |      14 |       0 |   0.0
     Lair:3 |    8654 |    2197 |  20.2 |      30 |       5 |  14.3
     Lair:4 |    4923 |    4295 |  46.6 |      20 |      14 |  41.2
     Lair:5 |   13010 |   19277 |  59.7 |      35 |      75 |  68.2
    Swamp:1 |    9110 |    2018 |  18.1 |      20 |       8 |  28.6
    Swamp:2 |    8464 |       0 |   0.0 |      19 |       0 |   0.0
    Swamp:3 |   17640 |    5370 |  23.3 |      24 |       6 |  20.0
    Swamp:4 |   11267 |   11145 |  49.7 |      21 |      19 |  47.5
   Spider:1 |    9147 |    2383 |  20.7 |      24 |       1 |   4.0
   Spider:2 |   20449 |     289 |   1.4 |      53 |       1 |   1.9
   Spider:3 |   17279 |    3666 |  17.5 |      42 |       9 |  17.6
   Spider:4 |    6472 |   26280 |  80.2 |      14 |      47 |  77.0
      Orc:1 |    1977 |    1481 |  42.8 |      23 |       1 |   4.2
      Orc:2 |    3079 |    9422 |  75.4 |      21 |      73 |  77.7
      Elf:1 |   14589 |    6977 |  32.4 |      25 |      11 |  30.6
      Elf:2 |    4813 |   26590 |  84.7 |      13 |      35 |  72.9
      Elf:3 |   17469 |   38746 |  68.9 |      33 |      35 |  51.5
   Vaults:1 |   31462 |   14304 |  31.3 |      47 |      20 |  29.9
   Vaults:2 |   26721 |   34620 |  56.4 |      42 |      41 |  49.4
   Vaults:3 |   31086 |   16581 |  34.8 |      49 |      23 |  31.9
   Vaults:4 |   14428 |   26463 |  64.7 |      24 |      33 |  57.9
   Vaults:5 |   22237 |   82238 |  78.7 |      30 |      83 |  73.5
   Depths:1 |   30422 |    8193 |  21.2 |      35 |       8 |  18.6
   Depths:2 |    6129 |   18218 |  74.8 |       7 |      20 |  74.1
   Depths:3 |   30318 |   33284 |  52.3 |      40 |      21 |  34.4
   Depths:4 |    8885 |   26289 |  74.7 |      10 |      33 |  76.7
      Zot:1 |    6852 |    1398 |  16.9 |       6 |       1 |  14.3
      Zot:2 |   13606 |    3551 |  20.7 |      11 |       3 |  21.4
      Zot:3 |   13639 |    1194 |   8.0 |      12 |       1 |   7.7
      Zot:4 |   18141 |       0 |   0.0 |      17 |       0 |   0.0
      Zot:5 |   46843 |   65178 |  58.2 |      31 |      30 |  49.2
      Sewer |       0 |      48 | 100.0 |       0 |       3 | 100.0
    Ossuary |       0 |     170 | 100.0 |       0 |      21 | 100.0
      IceCv |    1398 |   15638 |  91.8 |       5 |      35 |  87.5
            +---------+---------+-------+---------+---------+-------

Skill      XL: |  1  2  3  4  5  6  7  8  9 10 11 12 13 14 15 16 17 18 19 20 21 22 23 24 25 |
---------------+----------------------------------------------------------------------------+-----
Fighting       | 1 3 5 11 12 15 16 17 19 20 | 20.0
Polearms       | 1 3 5 8 11 15 16 17 19 21 24 | 24.0
Armour         | 6 11 12 14 20 | 20.0
Dodging        | 4 7 10 11 12 | 12.0
Evocations     | 7 10 | 10.0
Stealth        | 8 10 13 17 | 17.9
Translocations | 9 10 | 10.0
Spellcasting   | 4 |  4.0
Transmutations | 5 6 |  6.0

Action                     |  1- 3 |  4- 6 |  7- 9 | 10-12 | 13-15 | 16-18 | 19-21 | 22-24 | 25-27 || total
---------------------------+-------+-------+-------+-------+-------+-------+-------+-------+-------++-------
  Melee: Club              |    52 |       |       |       |       |       |       |       |       ||    52
         Staff             |    35 |     3 |       |       |       |       |       |       |       ||    38
         Tailslap          |     6 |     8 |    21 |    65 |   193 |   112 |   302 |   226 |    41 ||   974
         Unarmed           |     2 |       |       |       |       |       |       |       |       ||     2
         Halberd           |       |    64 |   219 |   442 |  1175 |   492 |  1787 |   120 |       ||  4299
         Bardiche          |       |       |       |       |       |       |       |  1573 |   215 ||  1788
  Throw: Dart              |       |     2 |       |     1 |       |       |       |       |       ||     3
   Cast: Manifold Assault  |       |       |       |       |       |       |    68 |   269 |    12 ||   349
         Wereblood         |       |       |       |       |       |       |     1 |    13 |     2 ||    16
 Invoke: Call Merchant     |       |       |       |     1 |     3 |       |     4 |       |       ||     8
         Potion Petition   |       |       |       |       |       |       |       |       |     2 ||     2
         Bribe Branch      |       |       |       |       |       |       |       |       |     2 ||     2
  Evoke: Wand              |     3 |     5 |     8 |    21 |    20 |     1 |     5 |       |       ||    63
         Lightning rod     |       |       |       |       |       |     4 |     1 |    13 |       ||    18
         Sack of spiders   |       |       |       |       |       |       |       |     2 |       ||     2
    Use: Scroll            |     3 |     3 |     9 |    12 |     7 |     3 |     6 |    24 |     9 ||    76
         Potion            |       |     1 |       |     6 |     3 |     4 |     6 |    10 |    11 ||    41
   Stab: Sleeping          |     1 |     1 |     3 |     7 |    16 |     7 |    69 |    27 |       ||   131
         Distracted        |       |       |     3 |     6 |    15 |     6 |    23 |    22 |     1 ||    76
         Paralysed         |       |       |     5 |     7 |     4 |       |     1 |       |       ||    17
         Petrified         |       |       |       |       |     2 |       |       |     1 |       ||     3
         Invisible         |       |       |       |       |       |     1 |     1 |    13 |       ||    15
         Confused          |       |       |       |       |       |       |       |     1 |       ||     1
 Armour: Leather armour    |    55 |    39 |   142 |   342 |   459 |       |       |       |       ||  1037
         Skin              |     1 |       |       |       |       |       |    40 |       |       ||    41
         Acid dragon scale |       |       |       |       |   278 |   464 |  1151 |  1144 |   182 ||  3219
  Dodge: Dodged            |    38 |    18 |    65 |   152 |   454 |   284 |   654 |   577 |    90 ||  2332
  Block: Other             |       |       |       |       |       |       |       |   118 |    32 ||   150
         Reflection        |       |       |       |       |       |       |       |     5 |       ||     5

Illustrated notes

Table legend:
 A = Kills in this place as a percentage of kills in the entire game.
 B = Kills by you in this place as a percentage of kills by you in the entire game.
 C = Kills by friends in this place as a percentage of kills by friends in the entire game.
 D = Other kills in this place as a percentage of other kills in the entire game.
 E = Experience gained in this place as a percentage of experience gained in the entire game.
 F = Experience gained in this place divided by the number of levels of this place that you have seen.
                   A       B       C       D       E      F
               +-------+-------+-------+-------+-------+----------------------
         Total | 100.0 | 100.0 | 100.0 | 100.0 | 100.0 | 21010.9
       Dungeon |  18.3 |  18.3 |  18.2 |   7.7 |   7.3 | 5224.0
          Lair |  11.4 |  11.4 |  18.2 |   7.7 |   5.8 | 12491.4
         Swamp |   6.2 |   6.3 |   0.0 |   0.0 |   6.1 | 16253.5
   Spider Nest |  10.1 |  10.2 |   0.0 |   0.0 |   8.0 | 21491.2
  Orcish Mines |   6.2 |   6.3 |   0.0 |   0.0 |   1.5 | 7979.5
   Elven Halls |   8.1 |   8.1 |   0.0 |   7.7 |  10.2 | 36394.7
        Vaults |  20.8 |  21.0 |   0.0 |   0.0 |  28.0 | 60028.0
        Depths |   9.2 |   9.2 |   0.0 |  15.4 |  15.1 | 40434.5
           Zot |   6.3 |   5.6 |  63.6 |  61.5 |  16.4 | 35097.4
         Sewer |   0.2 |   0.2 |   0.0 |   0.0 |   0.0 |  48.0
       Ossuary |   1.1 |   1.1 |   0.0 |   0.0 |   0.0 | 170.0
      Ice Cave |   2.1 |   2.1 |   0.0 |   0.0 |   1.6 | 17036.0
               +-------+-------+-------+-------+-------+----------------------

Table legend: (Time is in decaauts)
 A = Elapsed time spent in this place.
 B = Non-inter-level travel time spent in this place.
 C = Inter-level travel time spent in this place.
 D = Time resting spent in this place.
 E = Time spent auto-exploring this place.
 F = Levels seen in this place.
 G = Mean time per level.
                   A        B        C        D        E       F      G
               +--------+--------+--------+--------+--------+-----+--------+
         Total |  52381 |  46193 |   6188 |   4212 |  31409 |  51 | 1027.1 |
       Dungeon |  15357 |  12391 |   2966 |   1383 |   8738 |  15 | 1023.8 |
          Lair |   6266 |   5391 |    875 |    373 |   3693 |   5 | 1253.2 |
         Swamp |   3249 |   2841 |    408 |    403 |   1825 |   4 |  812.2 |
   Spider Nest |   3421 |   3261 |    160 |    315 |   2060 |   4 |  855.2 |
  Orcish Mines |   2125 |   1847 |    278 |    159 |   1178 |   2 | 1062.5 |
   Elven Halls |   3636 |   3410 |    226 |     33 |   2661 |   3 | 1212.0 |
        Vaults |   8206 |   7577 |    629 |    237 |   5545 |   5 | 1641.2 |
        Depths |   6516 |   5945 |    571 |    469 |   4541 |   4 | 1629.0 |
           Zot |   2243 |   2171 |     72 |    508 |    735 |   5 |  448.6 |
        Bazaar |     33 |     33 |      0 |      0 |      0 |   1 |   33.0 |
         Sewer |     76 |     76 |      0 |      0 |     38 |   1 |   76.0 |
       Ossuary |    319 |    319 |      0 |    100 |    117 |   1 |  319.0 |
      Ice Cave |    928 |    928 |      0 |    230 |    278 |   1 |  928.0 |
               +--------+--------+--------+--------+--------+-----+--------+

Top non-repeatable levels by time:
Vaults:5: 1974 daAuts
Depths:2: 1901 daAuts
Vaults:2: 1818 daAuts
Vaults:3: 1797 daAuts
Depths:1: 1736 daAuts
     D:8: 1720 daAuts
   Orc:2: 1696 daAuts
    D:15: 1696 daAuts
  Lair:5: 1690 daAuts
   Elf:3: 1662 daAuts
Depths:3: 1457 daAuts
  Lair:3: 1430 daAuts
Depths:4: 1420 daAuts
Vaults:4: 1322 daAuts
Vaults:1: 1293 daAuts
